| TOP OF THE 1ST |
|
Auburn Doubledays batting - Pitching for Hillsboro Hops : RHP John Palumbo
|
|
Pitching: RHP John Palumbo
|
|
|
Batting: RHB Bobby Bricker
|
0-0: Called Strike 0-1: Ball 1-1: Ball 2-1: SINGLE (Groundball, 6MS, EV 86.2 MPH) (infield hit)
|
|
Batting: RHB Leo Gutierrez
|
0-0: Ball 1-0: Ball 2-0: Ball 3-0: Base on Balls Bobby Bricker to second
|
|
Batting: LHB Erik Beezley
|
0-0: Ball 1-0: Fly out, F9 (Flyball, 9S, EV 86.2 MPH)
|
|
Batting: LHB Elias Posada
|
0-0: Ball 1-0: SINGLE (Groundball, 56D, EV 85.0 MPH) (infield hit) Bobby Bricker to third Leo Gutierrez to second
|
|
Batting: RHB Gabe Almazan
|
0-0: Called Strike 0-1: Ball 1-1: Ball 2-1: Foul Ball, location: 2F 2-2: Ball 3-2: Foul Ball, location: 2F 3-2: Base on Balls Bobby Bricker scores Leo Gutierrez to third Elias Posada to second
|
|
Batting: RHB Tony Madrigal
|
0-0: Called Strike 0-1: Swinging Strike 0-2: Ball 1-2: Foul Ball, location: 2F 1-2: Strikes out swinging
|
|
Batting: LHB Adam Jacobs
|
0-0: Called Strike 0-1: SINGLE (Groundball, 4, EV 99.4 MPH) Leo Gutierrez scores Elias Posada to third Gabe Almazan to second Runner from 3rd tries for Home, SAFE, throw by CF to home
|
|
Batting: RHB Chris Pynn
|
0-0: Ball Balk! Gabe Almazan to third Adam Jacobs to second 1-0: Swinging Strike 1-1: Called Strike 1-2: Ball 2-2: Strikes out looking
|
| Top of the 1st over - 3 runs, 3 hits, 0 errors, 2 left on base; Auburn 3 - Hillsboro 0 |
| BOTTOM OF THE 1ST |
|
Hillsboro Hops batting - Pitching for Auburn Doubledays : RHP Josh Jenkins
|
|
Pitching: RHP Josh Jenkins
|
|
|
Batting: RHB Brandon Joshua
|
0-0: Called Strike 0-1: Ground out 6-3 (Groundball, 6, EV 103.8 MPH)
|
|
Batting: LHB Soo-yeon Kym
|
0-0: Ball 1-0: Fly out, F8 (Flyball, 8LD, EV 101.2 MPH)
|
|
Batting: RHB Wen-hua Lei
|
0-0: Ball 1-0: Foul Ball, location: 2F 1-1: Ball 2-1: Reached on error, E6 (Groundball, 6, EV 84.4 MPH)
|
|
Batting: RHB Ian Sousa
|
0-0: Ball 1-0: Ball 2-0: Called Strike 2-1: Ground out 1-3 (Groundball, 13S, EV 68.8 MPH)
|
| Bottom of the 1st over - 0 runs, 0 hits, 1 error, 1 left on base; Auburn 3 - Hillsboro 0 |
| TOP OF THE 2ND |
|
Auburn Doubledays batting - Pitching for Hillsboro Hops : RHP John Palumbo
|
|
Batting: RHB Scott Skoglund
|
0-0: Ball 1-0: Swinging Strike 1-1: Ground out 6-3 (Groundball, 6, EV 83.1 MPH)
|
|
Batting: RHB Bobby Bricker
|
0-0: Ball 1-0: Fly out, F9 (Flyball, 89S, EV 92.5 MPH)
|
|
Batting: RHB Leo Gutierrez
|
0-0: Called Strike 0-1: Swinging Strike 0-2: Ground out 5-3 (Groundball, 5, EV 77.5 MPH)
|
| Top of the 2nd over - 0 runs, 0 hits, 0 errors, 0 left on base; Auburn 3 - Hillsboro 0 |
| BOTTOM OF THE 2ND |
|
Hillsboro Hops batting - Pitching for Auburn Doubledays : RHP Josh Jenkins
|
|
Batting: RHB Josh Burrows
|
0-0: Hit by Pitch
|
|
Batting: RHB Jeremy Adams
|
0-0: Called Strike 0-1: Foul Ball, location: 2F 0-2: Strikes out swinging
|
|
Batting: RHB Antonio Luisa
|
0-0: Ball 1-0: Called Strike 1-1: Ball 2-1: Fly out, F8 (Line Drive, 8LM, EV 96.2 MPH)
|
|
Batting: LHB Ivan Cortez
|
0-0: Called Strike 0-1: Ball 1-1: Called Strike 1-2: Foul Ball, location: 2F 1-2: Strikes out looking
|
| Bottom of the 2nd over - 0 runs, 0 hits, 0 errors, 1 left on base; Auburn 3 - Hillsboro 0 |
| TOP OF THE 3RD |
|
Auburn Doubledays batting - Pitching for Hillsboro Hops : RHP John Palumbo
|
|
Batting: LHB Erik Beezley
|
0-0: Ball 1-0: Called Strike 1-1: Ball 2-1: Foul Ball, location: 2F 2-2: Strikes out swinging
|
|
Batting: LHB Elias Posada
|
0-0: Ball 1-0: TRIPLE (Flyball, 9D, EV 97.5 MPH)
|
|
Batting: RHB Gabe Almazan
|
Balk! Elias Posada scores 0-0: Called Strike 0-1: Ball 1-1: Ball 2-1: Swinging Strike 2-2: Strikes out looking
|
|
Batting: RHB Tony Madrigal
|
0-0: Ball 1-0: Swinging Strike 1-1: Swinging Strike 1-2: Ball 2-2: Strikes out swinging
|
| Top of the 3rd over - 1 run, 1 hit, 0 errors, 0 left on base; Auburn 4 - Hillsboro 0 |
| BOTTOM OF THE 3RD |
|
Hillsboro Hops batting - Pitching for Auburn Doubledays : RHP Josh Jenkins
|
|
Batting: RHB Trevor Corey
|
0-0: Ball 1-0: Ball 2-0: Ball 3-0: Called Strike 3-1: Base on Balls
|
|
Batting: RHB Brandon Joshua
|
0-0: Ball 1-0: Ball 2-0: Called Strike 2-1: Swinging Strike 2-2: Strikes out swinging
|
|
Batting: LHB Soo-yeon Kym
|
0-0: Ball 1-0: Called Strike 1-1: Ball 2-1: Foul Ball, location: 2F 2-2: Ball 3-2: Foul Ball, location: 2F 3-2: Base on Balls Trevor Corey to second
|
|
Batting: RHB Wen-hua Lei
|
0-0: Called Strike 0-1: Ball 1-1: Swinging Strike 1-2: Fly out, F9 (Line Drive, 9D, EV 99.4 MPH)
|
|
Batting: RHB Ian Sousa
|
0-0: Ball 1-0: Ball 2-0: Fly out, F8 (Flyball, 8RD, EV 97.5 MPH)
|
| Bottom of the 3rd over - 0 runs, 0 hits, 0 errors, 2 left on base; Auburn 4 - Hillsboro 0 |
| TOP OF THE 4TH |
|
Auburn Doubledays batting - Pitching for Hillsboro Hops : RHP John Palumbo
|
|
Batting: LHB Adam Jacobs
|
0-0: Ball 1-0: Ball 2-0: SINGLE (Groundball, 6D, EV 96.2 MPH)
|
|
Batting: RHB Chris Pynn
|
0-0: Fly out, F8 (Line Drive, 8RM, EV 92.5 MPH)
|
|
Batting: RHB Scott Skoglund
|
0-0: Fly out, F9 (Flyball, 9LSF, EV 76.2 MPH)
|
|
Batting: RHB Bobby Bricker
|
0-0: Ball 1-0: Fly out, F9 (Flyball, 89M, EV 90.6 MPH)
|
| Top of the 4th over - 0 runs, 1 hit, 0 errors, 1 left on base; Auburn 4 - Hillsboro 0 |
| BOTTOM OF THE 4TH |
|
Hillsboro Hops batting - Pitching for Auburn Doubledays : RHP Josh Jenkins
|
|
Batting: RHB Josh Burrows
|
0-0: Fly out, F7 (Flyball, 7S, EV 92.5 MPH)
|
|
Batting: RHB Jeremy Adams
|
0-0: Ball 1-0: Foul Ball, location: 2F 1-1: Ball 2-1: Ball 3-1: Base on Balls
|
|
Batting: RHB Antonio Luisa
|
0-0: Foul Ball, location: 2F 0-1: SINGLE (Groundball, 6, EV 97.5 MPH) Jeremy Adams to second
|
|
Batting: LHB Ivan Cortez
|
0-0: Called Strike 0-1: Foul Ball, location: 2F 0-2: Ball 1-2: Strikes out swinging
|
|
Batting: RHB Trevor Corey
|
0-0: Foul Ball, location: 2F 0-1: Ball 1-1: Ground out U3 (Groundball, 3, EV 83.8 MPH)
|
| Bottom of the 4th over - 0 runs, 1 hit, 0 errors, 2 left on base; Auburn 4 - Hillsboro 0 |
| TOP OF THE 5TH |
|
Auburn Doubledays batting - Pitching for Hillsboro Hops : RHP John Palumbo
|
|
Batting: RHB Leo Gutierrez
|
0-0: Ball 1-0: Ball 2-0: Ball 3-0: Called Strike 3-1: Base on Balls
|
|
Batting: LHB Erik Beezley
|
0-0: Ball Leo Gutierrez is caught stealing 2nd base 2-6 1-0: Swinging Strike 1-1: Ball 2-1: Foul Ball, location: 2F 2-2: Foul Ball, location: 2F 2-2: Foul Ball, location: 2F 2-2: Ball 3-2: Base on Balls
|
|
Batting: LHB Elias Posada
|
0-0: Called Strike 0-1: Ball 1-1: Foul Ball, location: 2F 1-2: Ball Erik Beezley steals 2nd, throwing error, E2 Erik Beezley to third 2-2: Foul Ball, location: 2F 2-2: Ball 3-2: Base on Balls
|
|
Batting: RHB Gabe Almazan
|
0-0: Called Strike Elias Posada is caught stealing 2nd base 2-4 0-1: Ball 1-1: Swinging Strike 1-2: Ball 2-2: Foul Ball, location: 2F 2-2: Strikes out swinging
|
| Top of the 5th over - 0 runs, 0 hits, 1 error, 1 left on base; Auburn 4 - Hillsboro 0 |
| BOTTOM OF THE 5TH |
|
Hillsboro Hops batting - Pitching for Auburn Doubledays : RHP Josh Jenkins
|
|
Batting: RHB Brandon Joshua
|
0-0: Ball 1-0: SINGLE (Groundball, 6D, EV 98.8 MPH)
|
|
Batting: LHB Soo-yeon Kym
|
0-0: Ball Brandon Joshua is caught stealing 2nd base 2-6 1-0: Ball 2-0: Called Strike 2-1: Ball 3-1: Base on Balls
|
|
Batting: RHB Wen-hua Lei
|
0-0: Ball 1-0: Foul Ball, location: 2F 1-1: Foul Ball, location: 2F 1-2: Fly out, F8 (Flyball, 8LM, EV 80.6 MPH)
|
|
Pitching: LHP Mike Bigos
|
|
|
Batting: RHB Ian Sousa
|
0-0: Called Strike 0-1: Foul Ball, location: 2F 0-2: Ball 1-2: Ball 2-2: Foul Ball, location: 2F 2-2: Ball 3-2: Foul Ball, location: 2F 3-2: Foul Ball, location: 2F 3-2: Fly out, F9 (Line Drive, 9, EV 95.6 MPH)
|
| Bottom of the 5th over - 0 runs, 1 hit, 0 errors, 1 left on base; Auburn 4 - Hillsboro 0 |
| TOP OF THE 6TH |
|
Auburn Doubledays batting - Pitching for Hillsboro Hops : RHP John Palumbo
|
|
Batting: RHB Tony Madrigal
|
0-0: Called Strike 0-1: Called Strike 0-2: Foul Ball, location: 2F 0-2: Foul Ball, location: 2F 0-2: Fly out, F4 (Popup, 4MD, EV 46.2 MPH)
|
|
Batting: LHB Adam Jacobs
|
0-0: Called Strike 0-1: Foul Ball, location: 2F 0-2: Ball 1-2: Foul Ball, location: 2F 1-2: Strikes out swinging
|
|
Batting: RHB Chris Pynn
|
0-0: Ground out 4-3 (Groundball, 4, EV 106.2 MPH)
|
| Top of the 6th over - 0 runs, 0 hits, 0 errors, 0 left on base; Auburn 4 - Hillsboro 0 |
| BOTTOM OF THE 6TH |
|
Hillsboro Hops batting - Pitching for Auburn Doubledays : LHP Mike Bigos
|
|
Batting: RHB Josh Burrows
|
0-0: Called Strike 0-1: Called Strike 0-2: Ball 1-2: Foul Ball, location: 2F 1-2: Strikes out swinging
|
|
Batting: RHB Jeremy Adams
|
0-0: Called Strike 0-1: Swinging Strike 0-2: Ball 1-2: SINGLE (Groundball, 34D, EV 97.5 MPH)
|
|
Batting: RHB Antonio Luisa
|
0-0: SINGLE (Line Drive, 8LS, EV 94.4 MPH) Jeremy Adams to second
|
|
Batting: LHB Ivan Cortez
|
0-0: Ball 1-0: Ball 2-0: Fly out, F7 (Flyball, 7, EV 84.4 MPH)
|
|
Batting: RHB Trevor Corey
|
0-0: Called Strike 0-1: Swinging Strike 0-2: Foul Ball, location: 2F 0-2: Ball 1-2: Strikes out swinging
|
| Bottom of the 6th over - 0 runs, 2 hits, 0 errors, 2 left on base; Auburn 4 - Hillsboro 0 |
| TOP OF THE 7TH |
|
Auburn Doubledays batting - Pitching for Hillsboro Hops : RHP John Palumbo
|
|
Pitching: RHP Ronnie DeAngelo
|
|
|
Batting: RHB Scott Skoglund
|
0-0: Swinging Strike 0-1: Foul Ball, location: 2F 0-2: Ball 1-2: Fly out, F9 (Flyball, 9D, EV 101.9 MPH)
|
|
Batting: RHB Bobby Bricker
|
0-0: Ball 1-0: Foul Ball, location: 2F 1-1: Ball 2-1: Ball 3-1: Base on Balls
|
|
Batting: RHB Leo Gutierrez
|
0-0: Called Strike Bobby Bricker steals 2nd base 0-1: Ball 1-1: Ground out 6-3 (Groundball, 6, EV 82.5 MPH) Bobby Bricker to third
|
|
Batting: LHB Erik Beezley
|
0-0: Ball 1-0: Called Strike 1-1: Foul Ball, location: 2F 1-2: Ball 2-2: Strikes out looking
|
| Top of the 7th over - 0 runs, 0 hits, 0 errors, 1 left on base; Auburn 4 - Hillsboro 0 |
| BOTTOM OF THE 7TH |
|
Hillsboro Hops batting - Pitching for Auburn Doubledays : LHP Mike Bigos
|
|
Pitching: LHP Gregg Huddleston
|
|
|
Batting: RHB Brandon Joshua
|
0-0: Called Strike 0-1: Called Strike 0-2: Strikes out swinging
|
|
Batting: LHB Soo-yeon Kym
|
0-0: Called Strike 0-1: Called Strike 0-2: Ball 1-2: Ball 2-2: Foul Ball, location: 2F 2-2: Ball 3-2: Strikes out swinging
|
|
Batting: RHB Wen-hua Lei
|
0-0: Foul Ball, location: 2F 0-1: Swinging Strike 0-2: Ball 1-2: Ball 2-2: Ball 3-2: Strikes out swinging
|
| Bottom of the 7th over - 0 runs, 0 hits, 0 errors, 0 left on base; Auburn 4 - Hillsboro 0 |
| TOP OF THE 8TH |
|
Auburn Doubledays batting - Pitching for Hillsboro Hops : RHP Ronnie DeAngelo
|
|
Pitching: RHP Jaden Peterson
|
|
|
Batting: LHB Elias Posada
|
0-0: Ball 1-0: Foul Ball, location: 2F 1-1: Called Strike 1-2: Foul Ball, location: 2F 1-2: Ball 2-2: Ball 3-2: Foul Ball, location: 2F 3-2: Foul Ball, location: 2F 3-2: Fly out, F8 (Flyball, 8RD, EV 98.1 MPH)
|
|
Batting: RHB Gabe Almazan
|
0-0: Foul Ball, location: 2F 0-1: Called Strike 0-2: Foul Ball, location: 2F 0-2: Ball 1-2: Strikes out swinging
|
|
Batting: RHB Tony Madrigal
|
0-0: Foul Ball, location: 2F 0-1: Ball 1-1: Foul Ball, location: 2F 1-2: Strikes out looking
|
| Top of the 8th over - 0 runs, 0 hits, 0 errors, 0 left on base; Auburn 4 - Hillsboro 0 |
| BOTTOM OF THE 8TH |
|
Hillsboro Hops batting - Pitching for Auburn Doubledays : LHP Gregg Huddleston
|
|
Pitching: LHP Kevin Besser
|
|
|
Batting: RHB Ian Sousa
|
0-0: Ball 1-0: Called Strike 1-1: Ball 2-1: Foul Ball, location: 2F 2-2: Ball 3-2: Ground out 4-3 (Groundball, 4, EV 110.0 MPH)
|
|
Batting: RHB Josh Burrows
|
0-0: Ball 1-0: Swinging Strike 1-1: Ground out 6-3 (Groundball, 6, EV 90.0 MPH)
|
|
Batting: RHB Jeremy Adams
|
0-0: Called Strike 0-1: Ball 1-1: Ball 2-1: Foul Ball, location: 2F 2-2: SINGLE (Groundball, 56D, EV 98.1 MPH)
|
|
Batting: RHB Antonio Luisa
|
0-0: Foul Ball, location: 2F 0-1: Foul Ball, location: 2F 0-2: Ball 1-2: Ball 2-2: Foul Ball, location: 2F 2-2: Fielders Choice at 2nd, 5-4 (Groundball, 56, EV 108.1 MPH)
|
| Bottom of the 8th over - 0 runs, 1 hit, 0 errors, 1 left on base; Auburn 4 - Hillsboro 0 |
| TOP OF THE 9TH |
|
Auburn Doubledays batting - Pitching for Hillsboro Hops : RHP Jaden Peterson
|
|
Pitching: RHP Alan Muth
|
|
|
Batting: LHB Adam Jacobs
|
0-0: Ball 1-0: Called Strike 1-1: Swinging Strike 1-2: Foul Ball, location: 2F 1-2: Strikes out looking
|
|
Batting: RHB Chris Pynn
|
0-0: Foul Ball, location: 2F 0-1: Called Strike 0-2: Ball 1-2: Foul Ball, location: 2F 1-2: Ball 2-2: Ground out 6-3 (Groundball, 6, EV 81.9 MPH)
|
|
Batting: RHB Scott Skoglund
|
0-0: Ball 1-0: Ball 2-0: Ball 3-0: Called Strike 3-1: Foul Ball, location: 2F 3-2: Strikes out swinging
|
| Top of the 9th over - 0 runs, 0 hits, 0 errors, 0 left on base; Auburn 4 - Hillsboro 0 |
| BOTTOM OF THE 9TH |
|
Hillsboro Hops batting - Pitching for Auburn Doubledays : LHP Kevin Besser
|
|
Pitching: RHP Caleb Westbay
|
|
|
Batting: LHB Ivan Cortez
|
0-0: Ball 1-0: Called Strike 1-1: Ball 2-1: Ball 3-1: Swinging Strike 3-2: Strikes out swinging
|
|
Batting: RHB Trevor Corey
|
0-0: Ball 1-0: Foul Ball, location: 2F 1-1: Called Strike 1-2: Strikes out looking
|
|
Batting: RHB Brandon Joshua
|
0-0: Called Strike 0-1: Called Strike 0-2: Fly out, F9 (Flyball, 89M, EV 86.2 MPH)
|
| Bottom of the 9th over - 0 runs, 0 hits, 0 errors, 0 left on base; Auburn 4 - Hillsboro 0 |
|